Flames vs Kings

Created - Saturday, January 24, 2015 at 00:01

Goals
1 2 3 T
Flames 2 0 0 2
Kings 1 0 3 4
Shots
1 2 3 T
Flames 14 7 9 30
Kings 7 12 14 33

1st period

1. Flames , Joe Colborne 6 (Aleksander Barkov, Brian Campbell) at 7:54
2. Flames , Jordan Staal 8 (Matt Read, Mike Smith) at 14:54 (PP)
3. Kings , Tyler Seguin 21 (Carl Soderberg, Duncan Keith) at 16:20 (SH)

Penalties :
Ladislav Smid (LA ) for Hooking (Minor) at 2:11, Adam McQuaid (LA ) for Holding (Minor) at 13:16, Adam McQuaid (LA ) for Hooking (Minor) at 15:17

2nd period

No Goal

Penalties :
Jacob Trouba (Cal) for Holding (Minor) at 13:00, Justin Faulk (Cal) for Interference (Minor) at 17:49, Keith Yandle (LA ) for Interference (Minor) at 18:35

3rd period

4. Kings , Tyler Seguin 22 (Vladislav Namestnikov) at 1:32
5. Kings , Milan Lucic 8 (Duncan Keith, Cam Fowler) at 17:55
6. Kings , Tyler Seguin 23 (Keith Yandle, Tuukka Rask) at 19:28 (PP)

Penalties :
Brian Campbell (Cal) for Holding Stick (Minor) at 18:54, Ryan Johansen (LA ) for Hooking (Minor) at 19:35

Goalie Stats

Mike Smith (Cal), 29 saves from 33 shots - (0.879), L, 13-14-8, 60:00 minutes
Tuukka Rask (LA ), 28 saves from 30 shots - (0.933), W, 27-13-1, 60:00 minutes

Players Stats for Flames

Player Name              G  A  P  +/- PIM S  H  SB GA TA FO     MP     PP MP  PK MP  
------------------------------------------------------------------------------------
Aleksander Barkov        0  1  1   1  0   3  0  0  0  0  2/3     9:53   0:00   0:00 
Andrew Cogliano          0  0  0   0  0   0  3  1  1  0  1/1    17:25   3:23   0:00 
Barret Jackman           0  0  0  -1  0   1  3  0  1  0  0/0    19:15   0:11   1:18 
Brian Campbell           0  1  1   0  2   4  1  2  2  1  0/0    26:14   3:25   1:33 
Chris Phillips           0  0  0   0  0   3  0  2  0  0  0/0     7:34   0:00   0:00 
Jacob Trouba             0  0  0  -2  2   1  2  1  2  2  0/0    20:00   3:21   0:00 
Jason Pominville         0  0  0   0  0   1  0  0  2  0  1/2    18:06   3:23   0:00 
Jason Spezza             0  0  0   0  0   4  1  0  4  0  13/19  18:08   3:34   0:00 
Joe Colborne             1  0  1   1  0   1  0  0  0  0  1/1     9:53   0:00   0:00 
Jordan Staal             1  0  1  -3  0   2  3  0  2  1  7/11   16:03   3:12   0:00 
Justin Faulk             0  0  0  -1  2   0  2  2  0  2  0/0    23:31   3:25   1:49 
Manny Malhotra           0  0  0   1  0   1  0  0  0  0  1/2    11:28   0:00   1:30 
Matt Cooke               0  0  0   0  0   2  3  0  1  0  0/0    14:20   0:00   1:49 
Matt Read                0  1  1  -3  0   1  1  1  2  1  0/0    16:05   3:23   0:00 
Michael Frolik           0  0  0  -3  0   1  0  1  2  0  0/2    15:22   3:12   0:00 
Mikael Backlund          0  0  0   0  0   3  1  1  2  0  5/9    14:20   0:00   1:49 
Nick Spaling             0  0  0   0  0   1  1  1  1  0  1/1    14:06   0:00   1:30 
TJ Brodie                0  0  0   0  0   1  0  2  0  2  0/0    23:37   3:21   1:58 

Players Stats for Kings

Player Name              G  A  P  +/- PIM S  H  SB GA TA FO     MP     PP MP  PK MP  
------------------------------------------------------------------------------------
Adam McQuaid             0  0  0   0  4   1  1  1  0  0  0/0     6:39   0:00   1:06 
Brandon McMillan         0  0  0   0  0   4  4  0  0  0  0/0    13:33   0:01   0:00 
Brenden Morrow           0  0  0   0  0   1  0  0  1  0  0/0    13:53   0:01   0:00 
Cam Fowler               0  1  1   0  0   1  0  1  1  2  0/0    20:34   0:51   4:01 
Carl Soderberg           0  1  1   1  0   2  0  0  3  0  0/0    18:44   1:19   2:00 
Duncan Keith             0  2  2   0  0   2  0  2  0  2  0/0    26:57   2:28   4:01 
Henrik Tallinder         0  0  0   1  0   1  0  1  0  2  0/0    15:32   0:00   2:34 
John Erskine             0  0  0   0  0   2  0  1  0  1  0/0    13:18   0:00   0:11 
Keith Yandle             0  1  1   1  2   1  0  2  0  1  0/0    18:41   2:27   0:00 
Ladislav Smid            0  0  0   2  2   1  0  2  1  3  0/0    19:10   0:51   1:39 
Matt Cullen              0  0  0   0  0   1  1  1  0  0  6/15   18:23   0:01   4:05 
Mika Zibanejad           0  0  0   0  0   1  0  0  0  1  0/2    14:10   1:59   0:00 
Milan Lucic              1  0  1   0  0   2  4  0  3  0  0/0    19:21   1:59   4:44 
Ryan Johansen            0  0  0   1  2   5  2  0  1  0  7/14   17:54   1:19   0:02 
Ryan Malone              0  0  0   1  0   2  3  0  0  0  0/0     8:57   0:00   0:41 
Tomas Kopecky            0  0  0   0  0   0  2  0  0  1  0/1    15:57   1:19   0:00 
Tyler Seguin             3  0  3   1  0   6  0  1  1  1  4/13   22:19   1:59   2:00 
Vladislav Namestnikov    0  1  1   1  0   0  1  0  0  0  2/6     7:49   0:00   0:00 

3 Stars

1 - Tyler Seguin (LA )
2 - Milan Lucic (LA )
3 - Joe Colborne (Cal)

Power Play

Flames - 1 on 5 Attempt(s) - 20.00%
Kings - 1 on 3 Attempt(s) - 33.33%

Penalty Kill

Flames - 2 on 3 Attempt(s) - 66.67% - Score 0 goal in Penalty Kill
Kings - 4 on 5 Attempt(s) - 80.00% - Score 1 goal in Penalty Kill

Team Stat

Flames - Hits : 21 - Faceoff Wins : 32 - Blocked Shots : 14 - Penalty Minutes : 6
Kings - Hits : 18 - Faceoff Wins : 19 - Blocked Shots : 12 - Penalty Minutes : 10

Official

Referees : Unknown
Linesman : Unknown

Game Notes

Chris Phillips is injured at 9:01 of 2nd period (Abdomen/Ribs)
Tyler Seguin has scored a Hat Trick!

Finance

Level 1 -- Attendance: 5670 (94.50%) -- Ticket Income $481,950
Level 2 -- Attendance: 4533 (90.66%) -- Ticket Income $235,716
Level 3 -- Attendance: 1729 (86.45%) -- Ticket Income $53,599
Level 4 -- Attendance: 3519 (87.98%) -- Ticket Income $59,823
Luxury Box -- Attendance: 1000 (100.00%) -- Ticket Income $175,000
Game was played at the Staples Center'
Total Attendance: 16451 (91.39%)
Total Ticket Income: $1,006,088
Other Income: $492,983
Total Income: $1,499,071

Flames

5 vs 5 Forward 
   Center                   Left Wing                Right Wing               Time % Phy DF OF 
 1 Jason Spezza             Andrew Cogliano          Jason Pominville         30     1   2  2  
 2 Jordan Staal             Michael Frolik           Matt Read                25     1   2  2  
 3 Mikael Backlund          Nick Spaling             Matt Cooke               25     1   2  2  
 4 Aleksander Barkov        Manny Malhotra           Joe Colborne             20     1   2  2  

5 vs 5 Defense 
   Defense                  Defense                                           Time % Phy DF OF 
 1 Brian Campbell           Justin Faulk                                      36     1   2  2  
 2 TJ Brodie                Chris Phillips                                    30     1   2  2  
 3 Barret Jackman           Jacob Trouba                                      26     1   2  2  
 4 Brian Campbell           Jacob Trouba                                      8      1   2  2  

PowerPlay Forward 
   Center                   Left Wing                Right Wing               Time % Phy DF OF 
 1 Jason Spezza             Andrew Cogliano          Jason Pominville         50     0   0  5  
 2 Jordan Staal             Michael Frolik           Matt Read                50     0   0  5  

PowerPlay Defense
   Defense                  Defense                                           Time % Phy DF OF 
 1 Brian Campbell           Justin Faulk                                      50     0   0  5  
 2 TJ Brodie                Jacob Trouba                                      50     0   0  5  

Penalty Kill 4 Players Forward 
   Center                   Wing                     Time % Phy DF OF 
 1 Manny Malhotra           Nick Spaling             50     1   4  0  
 2 Mikael Backlund          Matt Cooke               50     1   4  0  

Penalty Kill 4 Players Defense
   Defense                  Defense                  Time % Phy DF OF 
 1 Chris Phillips           Justin Faulk             50     0   5  0  
 2 Barret Jackman           Jacob Trouba             50     1   4  0  

Penalty Kill - 3 Players Forward 
   Forward                                           Time % Phy DF OF 
 1 Manny Malhotra                                    50     0   5  0  
 2 Mikael Backlund                                   50     0   5  0  

Penalty Kill - 3 Players Defense
   Defense                  Defense                  Time % Phy DF OF 
 1 Chris Phillips           Justin Faulk             50     0   5  0  
 2 Barret Jackman           Jacob Trouba             50     0   5  0  

4 vs 4 Forward 
   Center                   Wing                     Time % Phy DF OF 
 1 Jordan Staal             Jason Pominville         50     1   2  2  
 2 Jason Spezza             Matt Read                50     1   2  2  

4 vs 4 Defense
   Defense                  Defense                  Time % Phy DF OF 
 1 Brian Campbell           Justin Faulk             50     1   2  2  
 2 TJ Brodie                Jacob Trouba             50     1   2  2  

Last Minutes Offensive
   Center                   Left Wing                Right Wing               Defense                  Defense                  
   Jason Spezza             Matt Read                Jason Pominville         Brian Campbell           Justin Faulk             

Last Minutes Defensive
   Center                   Left Wing                Right Wing               Defense                  Defense                  
   Jordan Staal             Andrew Cogliano          Michael Frolik           Chris Phillips           Jacob Trouba             

Goaltenders
Starting : Mike Smith               
Backup : Al Montoya               

Extra Forwards
Normal : Mikael Backlund, Matt Cooke, Joe Colborne - PP : Mikael Backlund, Matt Cooke - PK : Nick Spaling
Extra Defensemen
Normal : Barret Jackman, Chris Phillips, TJ Brodie - PP : Chris Phillips - PK : TJ Brodie, Brian Campbell
Penalty Shots
Matt Read, Jason Pominville, Jason Spezza, Joe Colborne, Andrew Cogliano

Kings

5 vs 5 Forward 
   Center                   Left Wing                Right Wing               Time % Phy DF OF 
 1 Tyler Seguin             Milan Lucic              Mika Zibanejad           35     1   2  2  
 2 Ryan Johansen            Tomas Kopecky            Carl Soderberg           30     1   2  2  
 3 Matt Cullen              Brenden Morrow           Brandon McMillan         22     1   2  2  
 4 Vladislav Namestnikov    Ryan Malone              Tyler Seguin             13     1   2  2  

5 vs 5 Defense 
   Defense                  Defense                                           Time % Phy DF OF 
 1 Duncan Keith             Cam Fowler                                        35     1   2  2  
 2 Ladislav Smid            Keith Yandle                                      30     1   2  2  
 3 John Erskine             Henrik Tallinder                                  22     1   2  2  
 4 Adam McQuaid             Duncan Keith                                      13     1   2  2  

PowerPlay Forward 
   Center                   Left Wing                Right Wing               Time % Phy DF OF 
 1 Tyler Seguin             Milan Lucic              Mika Zibanejad           60     1   2  2  
 2 Ryan Johansen            Tomas Kopecky            Carl Soderberg           40     1   2  2  

PowerPlay Defense
   Defense                  Defense                                           Time % Phy DF OF 
 1 Duncan Keith             Keith Yandle                                      60     1   2  2  
 2 Ladislav Smid            Cam Fowler                                        40     1   2  2  

Penalty Kill 4 Players Forward 
   Center                   Wing                     Time % Phy DF OF 
 1 Matt Cullen              Milan Lucic              60     1   2  2  
 2 Tyler Seguin             Carl Soderberg           40     1   2  2  

Penalty Kill 4 Players Defense
   Defense                  Defense                  Time % Phy DF OF 
 1 Duncan Keith             Cam Fowler               60     1   2  2  
 2 Ladislav Smid            Adam McQuaid             40     1   2  2  

Penalty Kill - 3 Players Forward 
   Forward                                           Time % Phy DF OF 
 1 Tyler Seguin                                      60     1   2  2  
 2 Ryan Johansen                                     40     1   2  2  

Penalty Kill - 3 Players Defense
   Defense                  Defense                  Time % Phy DF OF 
 1 Duncan Keith             Cam Fowler               60     1   2  2  
 2 Ladislav Smid            Keith Yandle             40     1   2  2  

4 vs 4 Forward 
   Center                   Wing                     Time % Phy DF OF 
 1 Tyler Seguin             Ryan Johansen            60     1   2  2  
 2 Milan Lucic              Mika Zibanejad           40     1   2  2  

4 vs 4 Defense
   Defense                  Defense                  Time % Phy DF OF 
 1 Duncan Keith             Cam Fowler               60     1   2  2  
 2 Ladislav Smid            Keith Yandle             40     1   2  2  

Last Minutes Offensive
   Center                   Left Wing                Right Wing               Defense                  Defense                  
   Tyler Seguin             Milan Lucic              Mika Zibanejad           Duncan Keith             Cam Fowler               

Last Minutes Defensive
   Center                   Left Wing                Right Wing               Defense                  Defense                  
   Tyler Seguin             Milan Lucic              Mika Zibanejad           Duncan Keith             Cam Fowler               

Goaltenders
Starting : Tuukka Rask              
Backup : Jonas Gustavsson         

Extra Forwards
Normal : Matt Cullen, Brenden Morrow, Ryan Malone - PP : Matt Cullen, Brenden Morrow - PK : Ryan Malone
Extra Defensemen
Normal : John Erskine, Henrik Tallinder, Adam McQuaid - PP : John Erskine - PK : Henrik Tallinder, Adam McQuaid
Penalty Shots
Tyler Seguin, Ryan Johansen, Milan Lucic, Mika Zibanejad, Tomas Kopecky

% Time on Ice - Flames

Lines # - Real PCT - Wanted PCT - Time Play
Normal Forward
1 - 29% - 30% - 14:07
2 - 25% - 25% - 12:10
3 - 26% - 25% - 12:32
4 - 20% - 20% - 9:53
Normal Defense
1 - 36% - 36% - 17:35
2 - 38% - 30% - 18:41
3 - 21% - 26% - 10:22
4 - 4% - 8% - 2:04
PP Forward
1 - 50% - 50% - 3:23
2 - 50% - 50% - 3:23
PP Defense
1 - 50% - 50% - 3:25
2 - 50% - 50% - 3:21
PK Forward
1 - 45% - 50% - 1:30
2 - 55% - 50% - 1:49
PK Defense
1 - 78% - 50% - 2:35
2 - 22% - 50% - 0:44
PK3 Forward
1 - 0% - 50%
2 - 0% - 50%
PK3 Defense
1 - 0% - 50%
2 - 0% - 50%
44 Forward
1 - 56% - 50% - 0:41
2 - 44% - 50% - 0:32
44 Defense
1 - 44% - 50% - 0:32
2 - 56% - 50% - 0:41
Last Minute Offensive  - 0:00
Last Minute Defensive  - 0:00
Total
Forward - 60:00
Defense - 60:00

% Time on Ice - Kings

Lines # - Real PCT - Wanted PCT - Time Play
Normal Forward
1 - 28% - 35% - 13:27
2 - 31% - 30% - 15:08
3 - 25% - 22% - 12:17
4 - 16% - 13% - 7:50
Normal Defense
1 - 30% - 35% - 14:32
2 - 34% - 30% - 16:19
3 - 26% - 22% - 12:46
4 - 10% - 13% - 5:05
PP Forward
1 - 60% - 60% - 2:00
2 - 40% - 40% - 1:19
PP Defense
1 - 74% - 60% - 2:28
2 - 26% - 40% - 0:51
PK Forward
1 - 70% - 60% - 4:46
2 - 30% - 40% - 2:00
PK Defense
1 - 59% - 60% - 4:01
2 - 41% - 40% - 2:45
PK3 Forward
1 - 0% - 60%
2 - 0% - 40%
PK3 Defense
1 - 0% - 60%
2 - 0% - 40%
44 Forward
1 - 100% - 60% - 1:13
2 - 0% - 40% - 0:00
44 Defense
1 - 70% - 60% - 0:51
2 - 30% - 40% - 0:22
Last Minute Offensive  - 0:00
Last Minute Defensive  - 0:00
Total
Forward - 60:00
Defense - 60:00

Play by Play

1st period


0:01 of 1st period - Tyler Seguin wins face-off versus Jason Spezza in neutral zone.
0:15 of 1st period - Snap shot by Jason Pominville.
0:15 of 1st period - Stopped by Tuukka Rask without a rebound.
0:16 of 1st period - Jason Spezza wins face-off versus Mika Zibanejad in Kings zone.
0:35 of 1st period - Snap shot by Tyler Seguin.
0:35 of 1st period - Stopped by Mike Smith without a rebound.
0:36 of 1st period - Ryan Johansen wins face-off versus Jordan Staal in Flames zone.
0:41 of 1st period - Wrist shot by Ryan Johansen.
0:41 of 1st period - Shot Blocked by Matt Read.
0:51 of 1st period - Slapshot by Matt Read.
0:51 of 1st period - Deflect By Michael Frolik.
0:51 of 1st period - Shot Misses the Net.
0:51 of 1st period - Puck is out of play.
0:52 of 1st period - Jordan Staal wins face-off versus Ryan Johansen in Kings zone.
1:45 of 1st period - Slapshot by Nick Spaling.
1:45 of 1st period - Deflect By Mikael Backlund.
1:45 of 1st period - Stopped by Tuukka Rask with a rebound.
1:47 of 1st period - Wrist shot by Barret Jackman.
1:47 of 1st period - Stopped by Tuukka Rask with a rebound.
1:49 of 1st period - Slapshot by Jacob Trouba.
1:49 of 1st period - Shot Blocked by Keith Yandle.
1:51 of 1st period - Slapshot by Jacob Trouba.
1:51 of 1st period - Shot Misses the Net.
1:53 of 1st period - Backhand shot by Jacob Trouba.
1:53 of 1st period - Shot Blocked by Matt Cullen.
2:11 of 1st period - Minor Penalty to Ladislav Smid for Hooking.
2:12 of 1st period - Matt Cullen wins face-off versus Jason Spezza in Kings zone.
2:39 of 1st period - Slapshot by Brian Campbell.
2:39 of 1st period - Shot Misses the Net.
2:47 of 1st period - Slapshot by Brian Campbell.
2:47 of 1st period - Stopped by Tuukka Rask with a rebound.
2:49 of 1st period - Snap shot by Andrew Cogliano.
2:49 of 1st period - Shot Hit the Post.
3:25 of 1st period - Milan Lucic is hit by Justin Faulk.
3:51 of 1st period - Tyler Seguin is hit by Andrew Cogliano and loses puck.
4:11 of 1st period - Penalty to Ladislav Smid is over, Ladislav Smid is back on ice.
4:12 of 1st period - Wrist shot by Jordan Staal.
4:12 of 1st period - Stopped by Tuukka Rask with a rebound.
4:14 of 1st period - Slapshot by Jacob Trouba.
4:14 of 1st period - Shot Blocked by Ladislav Smid.
5:38 of 1st period - Keith Yandle is hit by Nick Spaling and loses puck.
5:56 of 1st period - Matt Cullen is hit by Andrew Cogliano.
6:30 of 1st period - Snap shot by Tyler Seguin.
6:30 of 1st period - Shot Blocked by Chris Phillips.
6:44 of 1st period - Backhand shot by Carl Soderberg.
6:44 of 1st period - Shot Blocked by TJ Brodie.
6:48 of 1st period - Wrist shot by Ryan Malone.
6:48 of 1st period - Stopped by Mike Smith with a rebound.
7:23 of 1st period - Icing by Michael Frolik.
7:24 of 1st period - Jordan Staal wins face-off versus Tomas Kopecky in Flames zone.
7:35 of 1st period - Manny Malhotra is hit by Ryan Malone and loses puck.
7:46 of 1st period - Backhand shot by Brian Campbell.
7:46 of 1st period - Deflect By Aleksander Barkov.
7:46 of 1st period - Shot Misses the Net.
7:46 of 1st period - Puck is out of play.
7:47 of 1st period - Aleksander Barkov wins face-off versus Tyler Seguin in Kings zone.
7:50 of 1st period - Snap shot by Aleksander Barkov.
7:50 of 1st period - Shot Misses the Net.
7:52 of 1st period - Slapshot by Joe Colborne.
7:52 of 1st period - Shot Misses the Net.
7:54 of 1st period - Slapshot by Joe Colborne.
7:54 of 1st period - Goal by Joe Colborne - Flames : 1 - Kings : 0.
7:55 of 1st period - Jason Spezza wins face-off versus Tyler Seguin in neutral zone.
8:09 of 1st period - Justin Faulk is hit by Milan Lucic and loses puck.
8:29 of 1st period - Icing by Andrew Cogliano.
8:30 of 1st period - Jason Spezza wins face-off versus Matt Cullen in Flames zone.
8:35 of 1st period - Snap shot by Brian Campbell.
8:35 of 1st period - Shot Blocked by John Erskine.
8:45 of 1st period - Wrist shot by Matt Cullen.
8:45 of 1st period - Stopped by Mike Smith with a rebound.
8:47 of 1st period - Slapshot by Henrik Tallinder.
8:47 of 1st period - Deflect By Brandon McMillan.
8:47 of 1st period - Shot Blocked by Justin Faulk.
8:47 of 1st period - Puck is out of play.
8:48 of 1st period - Nick Spaling wins face-off versus Ryan Johansen in Flames zone.
10:58 of 1st period - Duncan Keith is hit by Brian Campbell and loses puck.
11:51 of 1st period - Snap shot by Matt Cooke.
11:51 of 1st period - Stopped by Tuukka Rask with a rebound.
11:53 of 1st period - Wrist shot by Nick Spaling.
11:53 of 1st period - Shot Blocked by Cam Fowler.
12:45 of 1st period - Snap shot by Tyler Seguin.
12:45 of 1st period - Stopped by Mike Smith without a rebound.
12:46 of 1st period - Tyler Seguin wins face-off versus Aleksander Barkov in Flames zone.
12:47 of 1st period - Slapshot by Milan Lucic.
12:47 of 1st period - Shot Blocked by Brian Campbell.
13:11 of 1st period - Snap shot by Joe Colborne.
13:11 of 1st period - Shot Misses the Net.
13:13 of 1st period - Snap shot by Manny Malhotra.
13:13 of 1st period - Stopped by Tuukka Rask without a rebound.
13:14 of 1st period - Vladislav Namestnikov wins face-off versus Jason Pominville in Kings zone.
13:16 of 1st period - Minor Penalty to Adam McQuaid for Holding.
13:17 of 1st period - Jordan Staal wins face-off versus Matt Cullen in Kings zone.
13:19 of 1st period - Slapshot by Matt Read.
13:19 of 1st period - Deflect By Jordan Staal.
13:19 of 1st period - Shot Misses the Net.
13:19 of 1st period - Puck is out of play.
13:20 of 1st period - Jordan Staal wins face-off versus Matt Cullen in Kings zone.
14:35 of 1st period - Ladislav Smid is hit by Jason Spezza and loses puck.
14:54 of 1st period - Snap shot by Jordan Staal.
14:54 of 1st period - Goal by Jordan Staal - Flames : 2 - Kings : 0.
14:55 of 1st period - Ryan Johansen wins face-off versus Mikael Backlund in neutral zone.
15:17 of 1st period - Minor Penalty to Adam McQuaid for Hooking.
15:18 of 1st period - Matt Cullen wins face-off versus Jason Spezza in Kings zone.
15:24 of 1st period - Slapshot by Duncan Keith.
15:24 of 1st period - Stopped by Mike Smith without a rebound.
15:25 of 1st period - Matt Cullen wins face-off versus Jason Spezza in Flames zone.
16:20 of 1st period - Snap shot by Tyler Seguin.
16:20 of 1st period - Goal by Tyler Seguin - Flames : 2 - Kings : 1.
16:21 of 1st period - Matt Cullen wins face-off versus Jordan Staal in neutral zone.
16:37 of 1st period - Snap shot by Matt Read.
16:37 of 1st period - Shot Blocked by Henrik Tallinder.
16:39 of 1st period - Slapshot by Jacob Trouba.
16:39 of 1st period - Stopped by Tuukka Rask with a rebound.
17:01 of 1st period - Wrist shot by Tyler Seguin.
17:01 of 1st period - Stopped by Mike Smith without a rebound.
17:02 of 1st period - Jason Spezza wins face-off versus Tyler Seguin in Flames zone.
17:07 of 1st period - Tyler Seguin is hit by Andrew Cogliano.
17:17 of 1st period - Penalty to Adam McQuaid is over, Adam McQuaid is back on ice.
17:33 of 1st period - Wrist shot by Jason Spezza.
17:33 of 1st period - Stopped by Tuukka Rask without a rebound.
17:34 of 1st period - Mikael Backlund wins face-off versus Vladislav Namestnikov in Kings zone.
17:41 of 1st period - Snap shot by Nick Spaling.
17:41 of 1st period - Shot Misses the Net.
17:43 of 1st period - Slapshot by Jacob Trouba.
17:43 of 1st period - Shot Hit the Post.
17:53 of 1st period - Ladislav Smid is hit by Mikael Backlund and loses puck.
18:28 of 1st period - Jacob Trouba is hit by Matt Cullen and loses puck.
18:39 of 1st period - Cam Fowler is hit by Jordan Staal and loses puck.
18:50 of 1st period - Cam Fowler is hit by Jordan Staal and loses puck.
19:53 of 1st period - Snap shot by Aleksander Barkov.
19:53 of 1st period - Stopped by Tuukka Rask with a rebound.
19:55 of 1st period - Slapshot by Chris Phillips.
19:55 of 1st period - Stopped by Tuukka Rask with a rebound.
19:57 of 1st period - Slapshot by Chris Phillips.
19:57 of 1st period - Stopped by Tuukka Rask with a rebound.
19:59 of 1st period - Slapshot by TJ Brodie.
19:59 of 1st period - Shot Misses the Net.
Goals for this period are 2 for Flames vs 1 for Kings.
Shots for this period are 14 for Flames vs 7 for Kings.

2nd period


0:01 of 2nd period - Jason Spezza wins face-off versus Tyler Seguin in neutral zone.
1:12 of 2nd period - Chris Phillips is hit by Tomas Kopecky and loses puck.
1:17 of 2nd period - Wrist shot by Carl Soderberg.
1:17 of 2nd period - Shot Blocked by TJ Brodie.
1:47 of 2nd period - Snap shot by Brandon McMillan.
1:47 of 2nd period - Shot Misses the Net.
1:49 of 2nd period - Wrist shot by Brandon McMillan.
1:49 of 2nd period - Shot Blocked by Michael Frolik.
1:51 of 2nd period - Snap shot by Brandon McMillan.
1:51 of 2nd period - Shot Misses the Net.
1:53 of 2nd period - Snap shot by Ladislav Smid.
1:53 of 2nd period - Shot Blocked by Chris Phillips.
1:55 of 2nd period - Wrist shot by Brandon McMillan.
1:55 of 2nd period - Stopped by Mike Smith with a rebound.
2:36 of 2nd period - Wrist shot by Mikael Backlund.
2:36 of 2nd period - Shot Misses the Net.
2:38 of 2nd period - Backhand shot by Matt Cooke.
2:38 of 2nd period - Stopped by Tuukka Rask without a rebound.
2:39 of 2nd period - Jason Spezza wins face-off versus Ryan Johansen in Kings zone.
2:48 of 2nd period - Jason Spezza is hit by Ryan Johansen and loses puck.
3:01 of 2nd period - Snap shot by Jason Spezza.
3:01 of 2nd period - Deflect By Henrik Tallinder.
3:01 of 2nd period - Stopped by Tuukka Rask with a rebound.
3:07 of 2nd period - Slapshot by Brian Campbell.
3:07 of 2nd period - Shot Misses the Net.
3:09 of 2nd period - Backhand shot by Jason Spezza.
3:09 of 2nd period - Deflect By Andrew Cogliano.
3:09 of 2nd period - Shot Misses the Net.
3:09 of 2nd period - Puck is out of play.
3:10 of 2nd period - Aleksander Barkov wins face-off versus Tyler Seguin in Kings zone.
4:08 of 2nd period - Justin Faulk is hit by Brandon McMillan.
5:01 of 2nd period - Off-side.
5:02 of 2nd period - Jason Spezza wins face-off versus Tyler Seguin in neutral zone.
5:17 of 2nd period - Jason Spezza is hit by Milan Lucic and loses puck.
5:42 of 2nd period - Snap shot by Ryan Johansen.
5:42 of 2nd period - Stopped by Mike Smith without a rebound.
5:43 of 2nd period - Ryan Johansen wins face-off versus Michael Frolik in Flames zone.
5:56 of 2nd period - Backhand shot by Ryan Johansen.
5:56 of 2nd period - Stopped by Mike Smith with a rebound.
6:20 of 2nd period - Wrist shot by Michael Frolik.
6:20 of 2nd period - Stopped by Tuukka Rask with a rebound.
7:02 of 2nd period - Wrist shot by Brenden Morrow.
7:02 of 2nd period - Stopped by Mike Smith with a rebound.
7:47 of 2nd period - Snap shot by Tyler Seguin.
7:47 of 2nd period - Shot Blocked by Mikael Backlund.
7:49 of 2nd period - Slapshot by Henrik Tallinder.
7:49 of 2nd period - Deflect By Matt Cooke.
7:49 of 2nd period - Stopped by Mike Smith without a rebound.
7:50 of 2nd period - Jason Spezza wins face-off versus Vladislav Namestnikov in Flames zone.
8:09 of 2nd period - Snap shot by Jason Spezza.
8:09 of 2nd period - Deflect By Jason Pominville.
8:09 of 2nd period - Shot Blocked by Tyler Seguin.
8:09 of 2nd period - Puck is out of play.
8:10 of 2nd period - Jason Spezza wins face-off versus Vladislav Namestnikov in Kings zone.
8:27 of 2nd period - Snap shot by Jason Spezza.
8:27 of 2nd period - Shot Blocked by Duncan Keith.
8:29 of 2nd period - Slapshot by TJ Brodie.
8:29 of 2nd period - Shot Misses the Net.
8:31 of 2nd period - Snap shot by Chris Phillips.
8:31 of 2nd period - Stopped by Tuukka Rask with a rebound.
9:00 of 2nd period - Chris Phillips is hit by Vladislav Namestnikov and loses puck.
9:01 of 2nd period - Chris Phillips from Flames is injured at 9:01 of 2nd period (Abdomen/Ribs).
9:02 of 2nd period - Jason Spezza wins face-off versus Tyler Seguin in Flames zone.
9:17 of 2nd period - Snap shot by Tyler Seguin.
9:17 of 2nd period - Shot Misses the Net.
9:29 of 2nd period - Wrist shot by Milan Lucic.
9:29 of 2nd period - Shot Misses the Net.
9:57 of 2nd period - Tomas Kopecky is hit by Jordan Staal and loses puck.
10:08 of 2nd period - Snap shot by Ryan Johansen.
10:08 of 2nd period - Shot Misses the Net.
10:10 of 2nd period - Backhand shot by John Erskine.
10:10 of 2nd period - Shot Misses the Net.
10:12 of 2nd period - Slapshot by John Erskine.
10:12 of 2nd period - Shot Blocked by Justin Faulk.
10:14 of 2nd period - Wrist shot by Tomas Kopecky.
10:14 of 2nd period - Deflect By Ryan Johansen.
10:14 of 2nd period - Stopped by Mike Smith with a rebound.
10:16 of 2nd period - Slapshot by John Erskine.
10:16 of 2nd period - Deflect By Justin Faulk.
10:16 of 2nd period - Stopped by Mike Smith without a rebound.
10:17 of 2nd period - Matt Cullen wins face-off versus Mikael Backlund in Flames zone.
10:26 of 2nd period - Snap shot by Brandon McMillan.
10:26 of 2nd period - Stopped by Mike Smith without a rebound.
10:27 of 2nd period - Mikael Backlund wins face-off versus Matt Cullen in Flames zone.
10:27 of 2nd period - Mikael Backlund is hit by Brandon McMillan.
10:41 of 2nd period - Snap shot by Nick Spaling.
10:41 of 2nd period - Stopped by Tuukka Rask without a rebound.
10:42 of 2nd period - Tyler Seguin wins face-off versus Jason Spezza in Kings zone.
11:35 of 2nd period - Snap shot by Aleksander Barkov.
11:35 of 2nd period - Shot Blocked by Keith Yandle.
12:01 of 2nd period - Slapshot by Brian Campbell.
12:01 of 2nd period - Shot Blocked by Ladislav Smid.
12:23 of 2nd period - Ryan Johansen is hit by Matt Cooke and loses puck.
13:00 of 2nd period - Minor Penalty to Jacob Trouba for Holding.
13:01 of 2nd period - Ryan Johansen wins face-off versus Manny Malhotra in Flames zone.
14:05 of 2nd period - Snap shot by Ryan Johansen.
14:05 of 2nd period - Stopped by Mike Smith with a rebound.
14:51 of 2nd period - Wrist shot by Milan Lucic.
14:51 of 2nd period - Stopped by Mike Smith with a rebound.
14:53 of 2nd period - Slapshot by Tyler Seguin.
14:53 of 2nd period - Shot Misses the Net.
15:00 of 2nd period - Penalty to Jacob Trouba is over, Jacob Trouba is back on ice.
16:38 of 2nd period - Icing by TJ Brodie.
16:39 of 2nd period - Joe Colborne wins face-off versus Matt Cullen in Flames zone.
16:49 of 2nd period - TJ Brodie is hit by Brandon McMillan and loses puck.
17:00 of 2nd period - John Erskine is hit by Barret Jackman and loses puck.
17:19 of 2nd period - Wrist shot by Ryan Johansen.
17:19 of 2nd period - Stopped by Mike Smith without a rebound.
17:20 of 2nd period - Ryan Johansen wins face-off versus Jason Spezza in Flames zone.
17:20 of 2nd period - Keith Yandle is hit by Jacob Trouba and loses puck.
17:23 of 2nd period - Slapshot by Ladislav Smid.
17:23 of 2nd period - Stopped by Mike Smith without a rebound.
17:24 of 2nd period - Ryan Johansen wins face-off versus Michael Frolik in Flames zone.
17:49 of 2nd period - Minor Penalty to Justin Faulk for Interference.
17:50 of 2nd period - Tyler Seguin wins face-off versus Mikael Backlund in Flames zone.
18:35 of 2nd period - Minor Penalty to Keith Yandle for Interference.
18:36 of 2nd period - Jordan Staal wins face-off versus Ryan Johansen in Kings zone.
18:47 of 2nd period - Slapshot by Tyler Seguin.
18:47 of 2nd period - Shot Misses the Net.
19:13 of 2nd period - Wrist shot by Jason Pominville.
19:13 of 2nd period - Shot Misses the Net.
19:35 of 2nd period - Wrist shot by Matt Read.
19:35 of 2nd period - Stopped by Tuukka Rask with a rebound.
19:37 of 2nd period - Slapshot by Brian Campbell.
19:37 of 2nd period - Stopped by Tuukka Rask with a rebound.
19:39 of 2nd period - Slapshot by Brian Campbell.
19:39 of 2nd period - Shot Hit the Post.
19:49 of 2nd period - Penalty to Justin Faulk is over, Justin Faulk is back on ice.
Goals for this period are 0 for Flames vs 0 for Kings.
Shots for this period are 7 for Flames vs 12 for Kings.

3rd period


0:01 of 3rd period - Andrew Cogliano wins face-off versus Matt Cullen in neutral zone.
0:35 of 3rd period - Penalty to Keith Yandle is over, Keith Yandle is back on ice.
0:56 of 3rd period - Slapshot by Brian Campbell.
0:56 of 3rd period - Shot Blocked by Duncan Keith.
1:10 of 3rd period - Slapshot by Justin Faulk.
1:10 of 3rd period - Shot Misses the Net.
1:18 of 3rd period - Slapshot by Mikael Backlund.
1:18 of 3rd period - Stopped by Tuukka Rask with a rebound.
1:28 of 3rd period - Snap shot by Carl Soderberg.
1:28 of 3rd period - Shot Misses the Net.
1:30 of 3rd period - Slapshot by John Erskine.
1:30 of 3rd period - Stopped by Mike Smith without a rebound.
1:31 of 3rd period - Vladislav Namestnikov wins face-off versus Jordan Staal in Flames zone.
1:32 of 3rd period - Wrist shot by Tyler Seguin.
1:32 of 3rd period - Goal by Tyler Seguin - Flames : 2 - Kings : 2.
1:33 of 3rd period - Jason Pominville wins face-off versus Ryan Johansen in neutral zone.
2:46 of 3rd period - Snap shot by Mika Zibanejad.
2:46 of 3rd period - Stopped by Mike Smith with a rebound.
3:16 of 3rd period - Icing by Jacob Trouba.
3:17 of 3rd period - Matt Cullen wins face-off versus Jordan Staal in Flames zone.
3:18 of 3rd period - Wrist shot by Brandon McMillan.
3:18 of 3rd period - Stopped by Mike Smith with a rebound.
3:34 of 3rd period - Slapshot by Mikael Backlund.
3:34 of 3rd period - Stopped by Tuukka Rask with a rebound.
4:04 of 3rd period - Carl Soderberg is hit by Matt Cooke and loses puck.
4:27 of 3rd period - Slapshot by Brian Campbell.
4:27 of 3rd period - Deflect By Ryan Johansen.
4:27 of 3rd period - Stopped by Tuukka Rask with a rebound.
5:07 of 3rd period - Cam Fowler is hit by Justin Faulk and loses puck.
5:20 of 3rd period - Barret Jackman is hit by Ryan Malone and loses puck.
5:47 of 3rd period - Matt Cullen is hit by Barret Jackman and loses puck.
6:31 of 3rd period - Nick Spaling is hit by Milan Lucic and loses puck.
7:30 of 3rd period - Snap shot by Tyler Seguin.
7:30 of 3rd period - Shot Blocked by Nick Spaling.
7:32 of 3rd period - Wrist shot by Adam McQuaid.
7:32 of 3rd period - Stopped by Mike Smith with a rebound.
7:34 of 3rd period - Wrist shot by Ryan Malone.
7:34 of 3rd period - Stopped by Mike Smith without a rebound.
7:35 of 3rd period - Jason Spezza wins face-off versus Vladislav Namestnikov in Flames zone.
7:35 of 3rd period - Jason Spezza is hit by Ryan Malone.
7:57 of 3rd period - Snap shot by Jason Pominville.
7:57 of 3rd period - Shot Blocked by Adam McQuaid.
8:03 of 3rd period - Brian Campbell is hit by Adam McQuaid and loses puck.
8:42 of 3rd period - Slapshot by Aleksander Barkov.
8:42 of 3rd period - Stopped by Tuukka Rask with a rebound.
8:44 of 3rd period - Snap shot by Brian Campbell.
8:44 of 3rd period - Stopped by Tuukka Rask with a rebound.
8:46 of 3rd period - Slapshot by Brian Campbell.
8:46 of 3rd period - Shot Misses the Net.
9:04 of 3rd period - Snap shot by Joe Colborne.
9:04 of 3rd period - Deflect By Aleksander Barkov.
9:04 of 3rd period - Stopped by Tuukka Rask with a rebound.
9:26 of 3rd period - Keith Yandle is hit by Matt Read and loses puck.
10:10 of 3rd period - Slapshot by Jason Spezza.
10:10 of 3rd period - Stopped by Tuukka Rask with a rebound.
10:12 of 3rd period - Slapshot by TJ Brodie.
10:12 of 3rd period - Deflect By Brenden Morrow.
10:12 of 3rd period - Stopped by Tuukka Rask with a rebound.
10:31 of 3rd period - Snap shot by Duncan Keith.
10:31 of 3rd period - Deflect By Carl Soderberg.
10:31 of 3rd period - Stopped by Mike Smith with a rebound.
10:33 of 3rd period - Slapshot by Duncan Keith.
10:33 of 3rd period - Stopped by Mike Smith with a rebound.
10:59 of 3rd period - Snap shot by Brandon McMillan.
10:59 of 3rd period - Stopped by Mike Smith without a rebound.
11:00 of 3rd period - Jordan Staal wins face-off versus Matt Cullen in Flames zone.
11:00 of 3rd period - Jordan Staal is hit by Brandon McMillan.
11:48 of 3rd period - Icing by Tyler Seguin.
11:49 of 3rd period - Mikael Backlund wins face-off versus Tyler Seguin in Kings zone.
12:10 of 3rd period - Slapshot by Carl Soderberg.
12:10 of 3rd period - Shot Misses the Net.
12:45 of 3rd period - Ladislav Smid is hit by Barret Jackman and loses puck.
14:34 of 3rd period - Brian Campbell is hit by Tomas Kopecky.
14:42 of 3rd period - Snap shot by Ryan Johansen.
14:42 of 3rd period - Shot Blocked by Brian Campbell.
14:44 of 3rd period - Slapshot by Cam Fowler.
14:44 of 3rd period - Stopped by Mike Smith with a rebound.
14:46 of 3rd period - Snap shot by Duncan Keith.
14:46 of 3rd period - Shot Misses the Net.
15:18 of 3rd period - Brian Campbell is hit by Milan Lucic and loses puck.
15:48 of 3rd period - Henrik Tallinder is hit by Jacob Trouba.
16:05 of 3rd period - Wrist shot by Jason Spezza.
16:05 of 3rd period - Stopped by Tuukka Rask with a rebound.
16:43 of 3rd period - Duncan Keith is hit by Matt Cooke.
17:21 of 3rd period - Jacob Trouba is hit by Ryan Johansen and loses puck.
17:53 of 3rd period - Snap shot by Duncan Keith.
17:53 of 3rd period - Shot Blocked by Jacob Trouba.
17:55 of 3rd period - Slapshot by Milan Lucic.
17:55 of 3rd period - Goal by Milan Lucic - Flames : 2 - Kings : 3.
17:56 of 3rd period - Jason Spezza wins face-off versus Matt Cullen in neutral zone.
18:07 of 3rd period - Slapshot by Keith Yandle.
18:07 of 3rd period - Deflect By TJ Brodie.
18:07 of 3rd period - Stopped by Mike Smith with a rebound.
18:09 of 3rd period - Slapshot by Matt Cullen.
18:09 of 3rd period - Shot Misses the Net.
18:29 of 3rd period - Wrist shot by Ryan Johansen.
18:29 of 3rd period - Deflect By Carl Soderberg.
18:29 of 3rd period - Shot Blocked by Andrew Cogliano.
18:29 of 3rd period - Puck is out of play.
18:30 of 3rd period - Mikael Backlund wins face-off versus Ryan Johansen in Flames zone.
18:34 of 3rd period - Icing by Brian Campbell.
18:35 of 3rd period - Ryan Johansen wins face-off versus Mikael Backlund in Flames zone.
18:40 of 3rd period - Slapshot by Carl Soderberg.
18:40 of 3rd period - Stopped by Mike Smith with a rebound.
18:54 of 3rd period - Minor Penalty to Brian Campbell for Holding Stick.
18:55 of 3rd period - Manny Malhotra wins face-off versus Mika Zibanejad in Flames zone.
19:14 of 3rd period - Slapshot by Milan Lucic.
19:14 of 3rd period - Deflect By Tyler Seguin.
19:14 of 3rd period - Shot Misses the Net.
19:14 of 3rd period - Puck is out of play.
19:15 of 3rd period - Barry Trotz call a timeout for Flames.
19:15 of 3rd period - Mikael Backlund wins face-off versus Tyler Seguin in Flames zone.
19:28 of 3rd period - Wrist shot by Tyler Seguin.
19:28 of 3rd period - Goal by Tyler Seguin - Flames : 2 - Kings : 4.
19:29 of 3rd period - Jason Spezza wins face-off versus Ryan Johansen in neutral zone.
19:35 of 3rd period - Minor Penalty to Ryan Johansen for Hooking.
19:36 of 3rd period - Jordan Staal wins face-off versus Matt Cullen in Kings zone.
Goals for this period are 0 for Flames vs 3 for Kings.
Shots for this period are 9 for Flames vs 14 for Kings.


Output by the SimonT Hockey Simulator (STHS) for Eric Dolegowski -- Original Page W3C XHTML 1.0 Valid
Hockey Simulator - Hockey Simulation - Hockey Manager